 Dungeon Crawl Stone Soup version 0.30-b1-2-g02819fbbbe (webtiles) character file.

Game seed: 4576009178635606391

28 Alarkh the Insei (level 2, 0/22 HPs)
             Began as a Demonspawn Warper on May 26, 2023.
             Succumbed to an adder's poison
             ... on level 2 of the Dungeon.
             The game lasted 00:01:05 (764 turns).

Alarkh the Insei (Demonspawn Warper)                 Turns: 764, Time: 00:01:05

Health: 0/22       AC:  3    Str:  8 (11) XL:     2   Next: 96%
Magic:  5/5        EV: 11    Int: 13 (14) God:
Gold:   90         SH:  0    Dex: 10 (12) Spells: 5/5 levels left

rFire   + .          .
                       - Unarmed
rCold   + . .        (no shield)
rNeg    . . .        a - +0 leather armour
rPois   +            (no helmet)
rElec   +            (no cloak)
rCorr   +            (no gloves)
SInv    .            (no boots)
Will    .....        (no amulet)
Stlth   +            (no ring)
HPRegen 0.23/turn    (no ring)
MPRegen 0.09/turn

%: no passive effects
@: mighty, lethally poisoned (0 -> 0), resistant
A: demonic guardian 1
a: no special abilities


You were on level 2 of the Dungeon.
You visited 1 branch of the dungeon, and saw 2 of its levels.

You collected 90 gold pieces.

Inventory:

Hand Weapons
 e - a +1 dagger of venom
Missiles
 c - 6 boomerangs of dispersal (quivered)
 h - 3 boomerangs
Armour
 a - a +0 leather armour (worn)
Scrolls
 b - a scroll of blinking
 f - a scroll of teleportation {unknown}
 g - a scroll of magic mapping {unknown}


   Skills:
 - Level 2.0 Fighting
 - Level 0.8 Throwing
 - Level 0.8 Armour
 - Level 1.7 Dodging
 + Level 3.2 Unarmed Combat
 - Level 2.0 Spellcasting
 - Level 2.6 Translocations


You had 5 spell levels left.
You didn't know any spells.
Your spell library contained the following spells:

 Spells                   Type           Power      Damage    Failure   Level
 Blink                    Tloc           16%        N/A       19%         2
 Lesser Beckoning         Tloc           16%        N/A       19%         2
 Teleport Other           Tloc           8%         N/A       34%         3
 Vhi's Electric Charge    Tloc/Air       8%         N/A       52%         3
 Manifold Assault         Tloc           8%         N/A       75%         4


Dungeon Overview and Level Annotations

Branches:
Dungeon (2/15)

Altars:


Innate Abilities, Weirdness & Mutations

A weak demonic guardian rushes to your aid.


Message History

You feel sick. The adder misses you. The adder bites you.
You are too injured to fight recklessly!
You are too injured to fight recklessly!
You are too injured to fight recklessly!
You are too injured to fight recklessly!
You are too injured to fight recklessly!
You are too injured to fight recklessly!
You are too injured to fight recklessly!
You are too injured to fight recklessly!
You are too injured to fight recklessly!
You are too injured to fight recklessly!
* * * LOW HITPOINT WARNING * * *
You feel sick.
Your shadow imp closely misses the adder.
The adder closely misses your shadow imp.
It was a potion of might.
You feel very mighty all of a sudden.
* * * LOW HITPOINT WARNING * * *
You feel sick.
Your shadow imp misses the adder.
The adder bites your shadow imp but does no damage.
It was a potion of resistance.
You feel protected.
* * * LOW HITPOINT WARNING * * *
You feel sick.
The adder closely misses your shadow imp.
Your shadow imp closely misses the adder.
It was a potion of degeneration.
There was something very wrong with that liquid.
You feel weakened.
You feel dopey.
You feel clumsy.
* * * LOW HITPOINT WARNING * * *
You feel sick.
The adder barely misses your shadow imp.
Your shadow imp barely misses the adder.
The adder bites your shadow imp.
* * * LOW HITPOINT WARNING * * *
You feel sick.
Your shadow imp hits the adder.
* * * LOW HITPOINT WARNING * * *
You feel sick.
Your shadow imp barely misses the adder.
You die...

. . .# . ###.# ...
.... #.?####### ..#
#..[..5..##..#
#..#.).S..@..# #
#.##.###.## # #. #
#....#... ..
#..######.####.###
.................# .
................. ..
#.##.....####.#.. .#.
#..###.######+#+#<...
.
#..###.##.^.......##.


You could see an adder (ally target) and a friendly shadow imp (summoned).

Vanquished Creatures
  An endoplasm (D:1)
  A giant cockroach (D:1)
  5 goblins
  4 hobgoblins (D:1)
  3 kobolds (D:1)
  3 ball pythons (D:1)
  2 bats (D:1)
  4 rats (D:1)
23 creatures vanquished.

Vanquished Creatures (collateral kills)
  An endoplasm (D:1)
1 creature vanquished.

Grand Total: 24 creatures vanquished

Notes
Turn   | Place    | Note
-------+----------+-------------------------------------------
     0 | D:1      | Alarkh the Demonspawn Warper began the quest for the Orb.
     0 | D:1      | Reached XP level 1. HP: 16/16 MP: 3/3
    24 | D:1      | Reached skill level 2 in Unarmed Combat
   206 | D:1      | Gained mutation: A weak demonic guardian rushes to your
                  | aid. [demonic ancestry]
   206 | D:1      | Reached XP level 2. HP: 22/22 MP: 5/5
   276 | D:1      | Found a faded altar of an unknown god.
   549 | D:1      | Reached skill level 3 in Unarmed Combat
   763 | D:2      | HP: 1/22 [poisoned by an adder]
   764 | D:2      | Succumbed to an adder's poison

Illustrated notes

Levels and vault maps discovered:
D:1:      elethiomel_arrival_shortcut, layout_rooms,
          ebering_ecumenical_altar_webs, minmay_misc_feat_plants,
          minmay_misc_feat_roman
D:2:      layout_basic, basic_altar

Skill      XL: |  1  2 |
---------------+-------+-----
Unarmed Combat | 2 3 |  3.2
Fighting       | |  2.0
Throwing       | |  0.8
Armour         | |  0.8
Dodging        | |  1.7
Spellcasting   | |  2.0
Translocations | |  2.6

Action                     || total
---------------------------++-------
  Melee: Unarmed           ||    83
         Punch             ||     3
  Throw: Boomerang         ||     1
    Use: Potion            ||     3
 Armour: Leather armour    ||    30
  Dodge: Dodged            ||    41
